 Dungeon Crawl Stone Soup version 0.20-a0-1008-g0de3dc5 (webtiles) character file.

23 galech the Covered (level 2, -6/28 HPs)
             Began as a Deep Dwarf Fighter on Apr 14, 2017.
             Mangled by Sigmund
             ... wielding a +0 scythe
              (8 damage)
             ... on level 2 of the Dungeon.
             The game lasted 00:01:53 (816 turns).

galech the Covered (Deep Dwarf Fighter)              Turns: 816, Time: 00:01:54

Health: -6/28      AC:  7    Str: 19    XL:     2   Next: 72%
Magic:  2/2        EV:  5    Int:  8    God:
Gold:   39         SH: 13    Dex: 12    Spells: 1/1 levels left

rFire    . . .     SeeInvis .   a - +0 long sword
rCold    . . .     Gourm    .   e - +0 large shield
rNeg     . . .     Faith    .   b - +0 scale mail
rPois    .         Spirit   .   (no helmet)
rElec    .         Reflect  .   (no cloak)
rCorr    .         Harm     .   (no gloves)
MR       .....                  (no boots)
Stlth    ..........             (no amulet)
Regen    0.0/turn               (no ring)
MPRegen  0.1/turn               (no ring)

@: non-regenerating
A: damage resistance, heal wounds, sense surroundings 1, no regeneration
a: Heal Wounds


You were on level 2 of the Dungeon.
You were not hungry.

You visited 1 branch of the dungeon, and saw 2 of its levels.

You collected 39 gold pieces.

Inventory:

Hand Weapons
 a - a +0 long sword (weapon)
Armour
 b - a +0 scale mail (worn)
 e - a +0 large shield (worn)
Scrolls
 c - a scroll of recharging {unknown}
 i - 3 scrolls of identify {unknown}
 j - a scroll of remove curse {unknown}
 k - 3 scrolls of teleportation {unknown}
 l - a scroll of amnesia {unknown}
Potions
 d - a potion of might
 m - a potion of brilliance {unknown}
 n - a potion of lignification {unknown}
 o - a potion of curing {unknown}
 p - a potion of berserk rage {unknown}
Comestibles
 f - a bread ration
 h - a royal jelly


   Skills:
 + Level 3.0 Fighting
 + Level 2.2 Long Blades
 + Level 3.7 Armour
 + Level 3.5 Shields


You had one spell level left.
You didn't know any spells.

Dungeon Overview and Level Annotations

Branches:
Dungeon (2/15)

Altars:

Annotations:
D:2 Sigmund


Innate Abilities, Weirdness & Mutations

You are resistant to damage.
You can heal yourself by infusing magical energy.
You passively map a small area around you.
You do not regenerate.


Message History

You are confused.
Sigmund hits you but does no damage. Sigmund hits you with a scythe.
Sigmund mumbles some strange words.
Sigmund flickers and vanishes!
Deactivating autopickup; reactivate with Ctrl-A.
Something hits you!
You feel less confused. Something hits you.
You hit something. Something hits you.
You closely miss something. Something hits you.
* * * LOW HITPOINT WARNING * * *
Your shield and scale mail prevent you from hitting something.
Something hits you but does no damage.
You closely miss something. Something hits you.
* * * LOW HITPOINT WARNING * * *
You barely miss something. Something hits you but does no damage.
Your shield prevents you from hitting something.
Something hits you!
You die...

* #. ## , , * *
#.#.##... ###### , ,
, , ........ #...<# ,
,, * ** ###.##..##
#.####
,########........#
#.# *
.......#.#......,,#.#
,
..............#####.#
,
....................#
.......@.....(#######
#####.{).(..(.+ * ,
,..............# ,*
..............# ,
..............#
..............# *
..............#*
..............#
..............#


There were no monsters in sight!

Vanquished Creatures
  2 leopard geckos (D:1)
  4 bats (D:1)
  A giant cockroach (D:1)
  2 goblins (D:1)
  2 hobgoblins (D:1)
  2 frilled lizards
  4 kobolds
  4 rats (D:1)
  A plant (D:1)
22 creatures vanquished.

Notes
Turn   | Place    | Note
-------+----------+-------------------------------------------
     0 | D:1      | galech the Deep Dwarf Fighter began the quest for the Orb.
     0 | D:1      | Reached XP level 1. HP: 20/20 MP: 1/1
    80 | D:1      | Reached XP level 2. HP: 25/27 MP: 2/2
   788 | D:2      | Noticed Sigmund
   816 | D:2      | Mangled by Sigmund

Vault maps used:
D:1:      sevenhm_arrival_forest_fort_large_3, serial_forest,
          infiniplex_forest_clump_long, infiniplex_forest_clump_small,
          infiniplex_forest_lined_2, infiniplex_forest_clump_small,
          infiniplex_forest_clump_small, infiniplex_forest_clump_tiny
D:2:      first_bread, kennysheep_minor_cross, uniq_sigmund, uniq_jessica

Skill      XL: |  1  2 |
---------------+-------+-----
Fighting       | 3 |  3.0
Long Blades    | |  2.2
Armour         | |  3.7
Shields        | |  3.5

Action                   || total
-------------------------++-------
Melee: Long sword        ||    92
Armor: Scale mail        ||    22
Dodge: Dodged            ||    13
Block: Large shield      ||    46
       Rpst.: Long sword ||     3
